 Dungeon Crawl Stone Soup version 0.18-a0-705-g580043c (webtiles) character file.

136 Duffy the Ruffian (level 4, -2/39 HPs)
             Began as a Minotaur Fighter on Dec 7, 2015.
             Slain by Grinder (4 damage)
             ... while paralysed by Grinder
             ... on level 3 of the Dungeon.
             The game lasted 00:02:21 (1990 turns).

Duffy the Ruffian (Minotaur Fighter)                Turns: 1990, Time: 00:02:21

Health: -2/39      AC: 10    Str: 22    XL:     4   Next: 98%
Magic:  12/12      EV:  2    Int:  5    God:
Gold:   155        SH:  0    Dex:  9    Spells: 0 memorised, 3 levels left

rFire  . . .     SeeInvis .       - Unarmed
rCold  . . .     Clarity  .     u - +0 chain mail
rNeg   . . .     SustAt   .     (no shield)
rPois  .         Gourm    .     (helmet restricted)
rElec  .         Spirit   .     n - +0 cloak
rCorr  .         Dismiss  .     (no gloves)
rMut   .         Stasis   .     (no boots)
MR     .....                    j - amulet of rage
Stlth  ..........               s - ring of flight
                                h - ring of magical power

@: paralysed, not resistant to hostile enchantments, extremely unstealthy
A: retaliatory headbutt, horns 2
a: Evoke Berserk Rage, Evoke Flight


You were on level 3 of the Dungeon.
You were not hungry.

You visited 1 branch of the dungeon, and saw 3 of its levels.

You collected 155 gold pieces.


Innate Abilities, Weirdness & Mutations

You reflexively headbutt those who attack you in melee.
You have a pair of horns on your head.


   Skills:
 - Level 3.6 Fighting
 - Level 3.6 Armour
 - Level 3.6 Shields
 + Level 5.7 Unarmed Combat


You had 3 spell levels left.
You didn't know any spells.

Inventory:

Armour
 a - a +0 scale mail
 b - a +0 shield
 n - a +0 cloak (worn)
 u - a +0 chain mail (worn)
Jewellery
 h - a ring of magical power (left hand)
 j - an amulet of rage (around neck)
 s - a ring of flight (right hand)
 y - an uncursed ring of sustain attributes {unknown}
Scrolls
 l - a scroll of recharging {unknown}
 o - a scroll of blinking {unknown}
 p - a scroll of identify {unknown}
 q - a scroll of teleportation {unknown}
 t - a scroll of immolation {unknown}
 v - a scroll of random uselessness {unknown}
 w - a scroll of amnesia {unknown}
 x - a scroll of noise {unknown}
Potions
 c - a potion of might
 e - 3 potions of lignification {unknown}
 f - 2 potions of magic {unknown}
 g - a potion of haste {unknown}
 i - a potion of curing {unknown}
 r - a potion of beneficial mutation {unknown}
Comestibles
 d - 2 bread rations
 k - 2 fruits
 m - a meat ration

Dungeon Overview and Level Annotations

Branches:
Dungeon (3/15)

Altars:
Qazlal

Annotations:
D:3 Grinder


Message History

You are too injured to fight recklessly!
You are too injured to fight recklessly!
You are too injured to fight recklessly!
You are too injured to fight recklessly!
You are too injured to fight recklessly!
You are too injured to fight recklessly!
You are too injured to fight recklessly!
You are too injured to fight recklessly!
You are too injured to fight recklessly!
You are too injured to fight recklessly!
You are too injured to fight recklessly!
You are too injured to fight recklessly!
You are too injured to fight recklessly!
You are too injured to fight recklessly!
You are too injured to fight recklessly!
You are too injured to fight recklessly!
You hit Grinder.
Grinder is moderately wounded.
You hit Grinder. You headbutt Grinder.
Grinder is heavily wounded.
Grinder barely misses you.
Your chain mail prevents you from hitting Grinder.
Your headbutt misses Grinder.
Grinder is heavily wounded.
Grinder hits you.
You writhe in agony.
You hit Grinder but do no damage.
Grinder is heavily wounded.
Grinder barely misses you.
You hit Grinder but do no damage. Your headbutt misses Grinder.
Grinder is heavily wounded.
Grinder hits you.
You writhe in agony.
Grinder gestures at you.
You suddenly lose the ability to move!
Grinder hits you.
You die...

#.#.###.#..####..####.#######.#
#.............(.((.##.#######)#
#..........####......(.......)#
#...5....#.# ##.....%(.....<.#
#.$........# #..###.#########
#.......# #......# #.?.....#
#.###### #.......#######.#
####........)5@.#
##############


You could see Grinder.

Action                   |  1- 3 |  4- 6 || total
-------------------------+-------+-------++-------
Melee: Unarmed           |    89 |    55 ||   144
  Eat: Chunk             |     1 |     2 ||     3

Notes
Turn   | Place    | Note
--------------------------------------------------------------
     0 | D:1      | Duffy the Minotaur Fighter began the quest for the Orb.
     0 | D:1      | Reached XP level 1. HP: 19/19 MP: 0/0
    67 | D:1      | Reached skill level 3 in Unarmed Combat
    67 | D:1      | Reached XP level 2. HP: 20/26 MP: 1/1
   660 | D:1      | Reached XP level 3. HP: 27/31 MP: 2/2
   832 | D:1      | Reached skill level 4 in Unarmed Combat
  1369 | D:2      | Reached XP level 4. HP: 32/39 MP: 3/3
  1594 | D:2      | Reached skill level 5 in Unarmed Combat
  1714 | D:2      | Found a stormy altar of Qazlal.
  1951 | D:3      | Noticed Grinder
  1953 | D:3      | Paralysed by Grinder for 5 turns
  1988 | D:3      | Paralysed by Grinder for 6 turns
  1990 | D:3      | Slain by Grinder

Vault maps used:
D:1:      mrwooster_arrival_statue_3
D:2:      nicolae_qazlal_eye_of_the_storm
D:3:      first_bread, serial_bayou_ford_a, uniq_grinder

Vanquished Creatures
  An orc wizard
  3 adders
  An ooze
  2 worms
  2 giant geckos
  6 orcs
  9 bats
  2 giant cockroaches
  7 hobgoblins
  5 jackals
  9 kobolds
  3 giant newts
  5 goblins
  7 rats
62 creatures vanquished.
